[Event "Titled Tuesday Blitz February 15 Late 2022"]
[White "Lenderman, Aleksandr"]
[Black "Poormosavi, Seyed Kian"]
[WhiteFideId "2021285"]
[BlackFideId "12585807"]
[WhiteElo "2831"]
[BlackElo "2577"]
[Result "1-0"]
[Round "02"]
[TimeControl "180+1"]
[Date "2022.02.16"]
[WhiteClock "0:01:53"]
[BlackClock "0:00:27"]

1. b3 e5 2. Bb2 Nc6 3. e3 g6 4. d4 exd4 5. Nf3 Bg7 6. Nxd4 Nxd4 7. Bxd4 Bxd4 8. Qxd4 Qf6 9. Nc3 Qxd4 10. exd4 c6 11. d5 Nf6 12. O-O-O O-O 13. f3 b6 14. dxc6 dxc6 15. Rd6 Be6 16. Rxc6 Rac8 17. Rxc8 Rxc8 18. Kb2 Rd8 19. Bd3 Nd5 20. Nxd5 Rxd5 21. Re1 Rg5 22. Re2 h5 23. f4 Rc5 24. g3 Kg7 25. Re5 Rc7 26. c4 Kf6 27. Kc3 Rd7 28. b4 Rd8 29. a4 h4 30. a5 hxg3 31. hxg3 Rh8 32. axb6 axb6 33. Rb5 Rh3 34. Rxb6 Rxg3 35. b5 Rf3 36. Ra6 Ke7 37. Kd4 Rxf4+ 38. Ke5 Rf3 39. Ra7+ Kd8 40. Be4 Rc3 41. b6 Rxc4 42. Ra8+ Ke7 43. b7 g5 44. Re8+ Kxe8 45. b8=Q+ Rc8 46. Qd6 Rc1 47. Bc6+ 1-0


[Site "https://www.chess.com"]

[Event "Titled Tuesday Blitz February 15 Late 2022"]
[White "Martin Duque, Jesus"]
[Black "Sanchez, Robert"]
[WhiteFideId "2208954"]
[BlackFideId "2034360"]
[WhiteElo "2243"]
[BlackElo "2309"]
[Result "1-0"]
[Round "02"]
[TimeControl "180+1"]
[Date "2022.02.16"]
[WhiteClock "0:00:12"]
[BlackClock "0:00:05"]

1. Nf3 d5 2. g3 c6 3. Bg2 Nf6 4. O-O g6 5. b3 Bg7 6. Bb2 O-O 7. c4 Re8 8. d4 a5 9. Nc3 dxc4 10. bxc4 Na6 11. e4 Nd7 12. e5 Nb6 13. Qe2 Be6 14. Nd2 Qxd4 15. Na4 Qd8 16. Nxb6 Qxb6 17. Rab1 Qc5 18. Rfc1 Bf5 19. Ne4 Qa7 20. h4 h5 21. Ba1 Rad8 22. Kh2 Nc5 23. Nxc5 Bxb1 24. Ne6 fxe6 25. Rxb1 Rf8 26. f4 Bh6 27. Be4 Kg7 28. Kh3 Rd7 29. Bc3 Rfd8 30. Bc2 Qc5 31. Qe4 Kf8 32. Qxg6 Bg7 33. Qxe6 Rd3 34. Qf5+ 1-0


[Site "https://www.chess.com"]

[Event "Titled Tuesday Blitz February 15 Late 2022"]
[White "Martinez Ramirez, Lennis"]
[Black "Krstulovic, Alex"]
[WhiteFideId "3509079"]
[BlackFideId "760056"]
[WhiteElo "2374"]
[BlackElo "2193"]
[Result "0-1"]
[Round "02"]
[TimeControl "180+1"]
[Date "2022.02.16"]
[WhiteClock "0:00:21"]
[BlackClock "0:00:09"]

1. d4 Nf6 2. Nc3 d5 3. Bg5 Nbd7 4. Qd3 h6 5. Bh4 g5 6. Bg3 Bg7 7. O-O-O c6 8. h4 g4 9. f3 Qa5 10. e4 Nb6 11. Be1 dxe4 12. fxe4 Na4 13. Nge2 Be6 14. d5 cxd5 15. Nxd5 Qc5 16. Bb4 Qc6 17. Nd4 Qc8 18. Nxe6 fxe6 19. Nxf6+ Bxf6 20. Qb5+ Qc6 21. Qh5+ Kf8 22. c3 Bxc3 23. bxc3 Nxc3 24. Qc5 Qxc5 25. Bxc5 Rc8 26. Bc4 Rxc5 27. Rd8+ Kg7 28. Rd7 Rxc4 29. Rxe7+ Kf6 30. Rxb7 Nxe4+ 31. Kb2 Rhc8 32. Rf1+ Ke5 33. Rb5+ Kd4 34. Rb3 Rc2+ 35. Ka3 Nc3 36. Rd1+ Nxd1 37. Rb4+ R2c4 38. Rb1 Rc3+ 39. Ka4 R8c4+ 40. Kb5 Rc5+ 41. Ka6 Rd3 42. Rb8 Ra3+ 43. Kb7 Rb5+ 44. Ka8 Rxb8+ 45. Kxb8 Kc5 46. Ka8 Ra6 47. Kb7 Rd6 48. g3 a5 49. a4 Nc3 50. Ka7 Nxa4 51. Kb7 Kb5 52. Kc7 Rd5 53. Kb7 Rd7+ 54. Kc8 Kc6 55. Kb8 Nc3 56. Ka8 Kb6 57. Kb8 Rd8# 0-1


[Site "https://www.chess.com"]

[Event "Titled Tuesday Blitz February 15 Late 2022"]
[White "Martirosyan, Haik M."]
[Black "Rasulov, Vugar"]
[WhiteFideId "13306553"]
[BlackFideId "13402390"]
[WhiteElo "2735"]
[BlackElo "2560"]
[Result "1-0"]
[Round "02"]
[TimeControl "180+1"]
[Date "2022.02.15"]
[WhiteClock "0:00:12"]
[BlackClock "0:00:17"]

1. c4 Nf6 2. Nc3 g6 3. g3 Bg7 4. Bg2 O-O 5. Nf3 d6 6. O-O e5 7. d3 Nc6 8. Rb1 a5 9. a3 Re8 10. Bg5 h6 11. Bxf6 Bxf6 12. b4 axb4 13. axb4 Bg7 14. b5 Ne7 15. Qc2 c6 16. Rfc1 d5 17. bxc6 bxc6 18. cxd5 cxd5 19. Nb5 Bd7 20. Nd6 Rf8 21. Nb7 Qe8 22. Nc5 Rc8 23. Qd1 Bg4 24. h3 Bxf3 25. Bxf3 f5 26. Ne6 Rf6 27. Nc7 Qd8 28. Nxd5 Nxd5 29. Bxd5+ Kh7 30. Rxc8 Qxc8 31. Rb7 Rd6 32. Qb3 Rd7 33. Bg8+ Kh8 34. Rb8 Qc1+ 35. Kg2 Qc7 36. Bf7+ Kh7 37. Bg8+ Kh8 38. Be6+ Rd8 39. Rb6 e4 40. dxe4 fxe4 41. e3 Rf8 42. Rb7 Qe5 43. Qd5 Qf6 44. Rf7 Rxf7 45. Bxf7 Qf3+ 46. Kg1 Kh7 47. Qe6 Bf6 48. Be8 Qd1+ 49. Kg2 Qf3+ 50. Kg1 Qd1+ 51. Kh2 Qf3 52. Qf7+ Kh8 53. Qa2 Kh7 54. Bc6 h5 55. h4 g5 56. Qc2 Kh6 57. Bxe4 Qg4 58. hxg5+ Qxg5 59. Qc7 Qg8 60. Qd6 Qf7 61. Qf4+ Kg7 62. Qf5 Kh6 63. Kh3 Qg7 64. f4 Qf7 65. Bd5 Qg7 66. e4 Bd4 67. e5 Bf2 68. Qe6+ Qg6 69. Qxg6+ Kxg6 70. Be4+ Kh6 71. Kh4 Be1 72. Bf3 Bb4 73. Bxh5 Be7+ 74. Kg4 Kg7 75. Be8 1-0


[Site "https://www.chess.com"]

[Event "Titled Tuesday Blitz February 15 Late 2022"]
[White "Medeiros Jr, Francisco De Assis"]
[Black "Kozin, Yuri"]
[WhiteFideId "2114267"]
[BlackFideId "4129920"]
[WhiteElo "1998"]
[BlackElo "2526"]
[Result "1/2-1/2"]
[Round "02"]
[TimeControl "180+1"]
[Date "2022.02.16"]
[WhiteClock "0:00:05"]
[BlackClock "0:00:16"]

1. d4 d5 2. Nf3 Nf6 3. Bg5 Ne4 4. Bf4 c5 5. c3 cxd4 6. cxd4 Nc6 7. e3 Bg4 8. Nc3 Qa5 9. Qb3 Nxc3 10. bxc3 e6 11. Bb5 Bxf3 12. gxf3 Be7 13. O-O O-O 14. Kh1 Rac8 15. Rg1 Rfd8 16. Bd3 Rd7 17. Qb1 f5 18. Bb5 Qxc3 19. Bxc6 Rxc6 20. Be5 g6 21. Qf1 Bd6 22. f4 Bxe5 23. fxe5 Qc2 24. Qg2 Rdc7 25. h4 Qe4 26. Qxe4 fxe4 27. h5 Rg7 28. hxg6 Rxg6 29. Rgc1 Ra6 30. Rc7 Rg7 31. Rac1 Rxc7 32. Rxc7 Rxa2 33. Kg2 b6 34. Kg3 b5 35. Rb7 a6 36. f4 exf3 37. Kxf3 h6 38. Kg4 Rg2+ 39. Kh5 Rg3 40. Kxh6 Rxe3 41. Kg6 Rf3 42. Rb8+ Rf8 43. Rb7 Rf5 44. Rb8+ Rf8 45. Rb7 Ra8 46. Rg7+ Kh8 47. Rh7+ Kg8 48. Rg7+ Kf8 49. Rh7 Re8 50. Rf7+ Kg8 51. Rg7+ Kh8 52. Rh7+ Kg8 53. Rg7+ Kf8 54. Rf7+ 1/2-1/2


[Site "https://www.chess.com"]

[Event "Titled Tuesday Blitz February 15 Late 2022"]
[White "Mekhitarian, Krikor Sevag"]
[Black "Yurovskykh, Oleksandr"]
[WhiteFideId "2107660"]
[BlackFideId "14134020"]
[WhiteElo "2598"]
[BlackElo "2292"]
[Result "1-0"]
[Round "02"]
[TimeControl "180+1"]
[Date "2022.02.15"]
[WhiteClock "0:00:28"]
[BlackClock "0:00:02"]

1. e4 d5 2. exd5 Qxd5 3. Nc3 Qd8 4. d4 Nf6 5. Nf3 Bg4 6. h3 Bxf3 7. Qxf3 c6 8. Be3 e6 9. Bd3 Nbd7 10. O-O Bd6 11. Rad1 O-O 12. Rfe1 Re8 13. Bc1 Qc7 14. g3 Rad8 15. Kg2 Nb6 16. Ne4 Nxe4 17. Qxe4 g6 18. c4 Nd7 19. a3 Bf8 20. Bf4 Qa5 21. Bb1 Bg7 22. Be3 e5 23. dxe5 Qxe5 24. Qxe5 Nxe5 25. b3 a6 26. Bb6 Rxd1 27. Rxd1 f5 28. f4 Nf7 29. Kf3 Re7 30. b4 Bf8 31. c5 Bg7 32. Ba2 Bb2 33. Bd8 Re4 34. Rd7 Bxa3 35. Rxf7 Rxb4 36. Rxb7+ Kf8 37. Be7+ Ke8 38. Rxb4 Bxb4 39. Bd6 a5 40. g4 1-0


[Site "https://www.chess.com"]

[Event "Titled Tuesday Blitz February 15 Late 2022"]
[White "Mikhailovsky, Vladimir"]
[Black "Kalajzic, Ivan"]
[WhiteFideId "34105414"]
[BlackFideId "14506378"]
[WhiteElo "2371"]
[BlackElo "2163"]
[Result "1-0"]
[Round "02"]
[TimeControl "180+1"]
[Date "2022.02.16"]
[WhiteClock "0:00:10"]
[BlackClock "0:00:10"]

1. d4 Nc6 2. c4 e5 3. d5 Nce7 4. d6 Ng6 5. dxc7 Qxc7 6. e4 Nf6 7. Nc3 Bc5 8. Bg5 Qb6 9. Qd2 Bb4 10. Bxf6 Qxf6 11. Nge2 O-O 12. a3 Bxc3 13. Nxc3 d6 14. Nd5 Qd8 15. h4 Nxh4 16. O-O-O Be6 17. g3 Ng6 18. f4 Bxd5 19. cxd5 exf4 20. gxf4 Qf6 21. f5 Ne5 22. Qh2 h6 23. Kb1 b5 24. Be2 Nc4 25. Bd3 Rfc8 26. Rdg1 Kf8 27. Rg2 Nxa3+ 28. bxa3 Rc3 29. e5 dxe5 30. Be4 Rac8 31. Rb2 Qg5 32. Qd2 Qe7 33. d6 Qd7 34. f6 b4 35. fxg7+ Kg8 36. Bh7+ Kxg7 37. Qxh6+ Kh8 38. Bg6+ 1-0


[Site "https://www.chess.com"]

[Event "Titled Tuesday Blitz February 15 Late 2022"]
[White "Mikhalsky, Vladimir"]
[Black "Rosen, Eric"]
[WhiteFideId "14144352"]
[BlackFideId "2032562"]
[WhiteElo "2248"]
[BlackElo "2362"]
[Result "0-1"]
[Round "02"]
[TimeControl "180+1"]
[Date "2022.02.16"]
[WhiteClock "0:00:04"]
[BlackClock "0:00:30"]

1. c4 e6 2. g3 d5 3. Bg2 Nf6 4. Nf3 d4 5. O-O c5 6. e3 Nc6 7. exd4 cxd4 8. Re1 Be7 9. d3 Nd7 10. a3 a5 11. Nbd2 O-O 12. Ne4 e5 13. g4 Re8 14. Ng3 g6 15. g5 Bf8 16. h4 Nc5 17. Qc2 a4 18. Bd2 Nb3 19. Rad1 Bg4 20. Re4 Qd7 21. Rde1 Bg7 22. Kh2 Rac8 23. Ng1 Ne7 24. f3 Bf5 25. Nxf5 Nxf5 26. Bh3 b5 27. f4 Qc7 28. Bxf5 gxf5 29. R4e2 bxc4 30. dxc4 e4 31. Kg3 Qxc4 32. Qxc4 Rxc4 33. Bb4 Rec8 34. h5 Nc1 35. h6 Nxe2+ 36. Nxe2 Bf8 37. Rd1 Bxb4 38. axb4 Rd8 39. b5 Rb4 40. b6 Rb3+ 41. Kh4 d3 42. Nc3 Rxb6 43. Nxa4 Rb4 44. Nc5 Rxb2 45. Ra1 d2 46. Na4 Ra2 47. Rxa2 d1=Q 0-1


[Site "https://www.chess.com"]

[Event "Titled Tuesday Blitz February 15 Late 2022"]
[White "Mirzoev, Azer"]
[Black "Jacobson, Brandon"]
[WhiteFideId "13400304"]
[BlackFideId "30901561"]
[WhiteElo "2525"]
[BlackElo "2362"]
[Result "1-0"]
[Round "02"]
[TimeControl "180+1"]
[Date "2022.02.15"]
[WhiteClock "0:01:19"]
[BlackClock "0:00:06"]

1. d4 Nf6 2. Nf3 b6 3. g3 Bb7 4. Bg2 c5 5. c4 g6 6. O-O Bg7 7. d5 b5 8. Qb3 a6 9. Nc3 O-O 10. e4 d6 11. e5 dxe5 12. Nxe5 Qb6 13. Re1 Re8 14. Bf4 Nbd7 15. Nxd7 Nxd7 16. cxb5 axb5 17. Nxb5 Rec8 18. Nc3 Kf8 19. Rad1 Qxb3 20. axb3 c4 21. b4 Nb6 22. d6 Bxg2 23. dxe7+ Ke8 24. Kxg2 Ra7 25. Nb5 1-0


[Site "https://www.chess.com"]

[Event "Titled Tuesday Blitz February 15 Late 2022"]
[White "Miszler, Levente"]
[Black "Ezat, Mohamed"]
[WhiteFideId "763276"]
[BlackFideId "10600906"]
[WhiteElo "1966"]
[BlackElo "2386"]
[Result "1-0"]
[Round "02"]
[TimeControl "180+1"]
[Date "2022.02.16"]
[WhiteClock "0:00:08"]
[BlackClock "0:00:04"]

1. Nf3 Nf6 2. d4 g6 3. Nc3 d5 4. Bg5 Ne4 5. Bf4 Bg7 6. e3 Nxc3 7. bxc3 O-O 8. c4 c5 9. cxd5 Qxd5 10. c3 Nc6 11. Be2 cxd4 12. cxd4 e5 13. dxe5 Qa5+ 14. Qd2 Qxd2+ 15. Kxd2 Rd8+ 16. Ke1 Nb4 17. Kf1 Bg4 18. Nd4 Bxe2+ 19. Kxe2 Nd5 20. Bg3 Re8 21. Rhc1 Bxe5 22. Bxe5 Rxe5 23. Rab1 Re7 24. Rc5 Rd8 25. Rbb5 Nf4+ 26. Kf3 Nd3 27. Rc3 Ne5+ 28. Kg3 h5 29. h4 Ng4 30. Rbc5 Nf6 31. Rc8 Rxc8 32. Rxc8+ Kg7 33. Kf3 a6 34. Rb8 Nd5 35. Nb3 Nc3 36. Nc5 Re5 37. Nd3 Rb5 38. a3 a5 39. Rc8 Nb1 40. a4 Rf5+ 41. Nf4 Nd2+ 42. Ke2 Ne4 43. Rc7 b5 44. axb5 Rxb5 45. Ne6+ Kf6 46. Nd4 Rb2+ 47. Kf3 Nd2+ 48. Kf4 Nc4 49. Rxc4 Rxf2+ 50. Kg3 Ra2 51. Rc6+ Kg7 52. Ra6 a4 53. Ra7 a3 54. Nb5 Rb2 55. Nxa3 Rb3 56. Kf3 Rb4 57. g3 g5 58. hxg5 Kg6 59. Nc2 Rb1 60. Nd4 Kxg5 61. Ne2 Rf1+ 62. Kg2 Rf6 63. Nf4 Kg4 64. Ra8 Kf5 65. Rg8 Rh6 66. Rg7 h4 67. g4+ Ke4 68. Kh3 Kxe3 69. Rxf7 Kf3 70. Nh5+ Ke4 71. Kxh4 Kd5 72. g5 Rf6 73. Rxf6 Ke5 74. g6 1-0


[Site "https://www.chess.com"]

[Event "Titled Tuesday Blitz February 15 Late 2022"]
[White "Moreira, Ronaldo Alonso"]
[Black "Kashefi, Amir Hosein"]
[WhiteFideId "2110547"]
[BlackFideId "12557935"]
[WhiteElo "2037"]
[BlackElo "2098"]
[Result "0-1"]
[Round "02"]
[TimeControl "180+1"]
[Date "2022.02.16"]
[WhiteClock "0:00:01"]
[BlackClock "0:00:58"]

1. d4 d5 2. c4 c6 3. cxd5 cxd5 4. Nc3 Nf6 5. Bf4 Nc6 6. e3 Bg4 7. Qb3 Qd7 8. h3 Bh5 9. g4 Bg6 10. Nf3 e6 11. Bb5 Bd6 12. Qa4 O-O 13. Ne5 Bxe5 14. Bxe5 Ne4 15. Rc1 Rfc8 16. Nxe4 Bxe4 17. O-O a6 18. Bxc6 Rxc6 19. Rxc6 Qxc6 20. Qxc6 bxc6 21. Rc1 Rc8 22. b4 f6 23. Bg3 Kf7 24. a3 Ke7 25. Kf1 Bd3+ 26. Kg2 Bc4 27. f4 Ra8 28. Be1 g6 29. Kf2 Kd7 30. Bc3 Kc7 31. Rb1 Kb6 32. Rb2 Kb5 33. Rd2 Ka4 34. Bb2 Kb3 35. Ke1 a5 36. bxa5 Rxa5 37. Bc1 Ka4 38. Rb2 Bb3 39. Kd2 Ra7 0-1


[Site "https://www.chess.com"]

[Event "Titled Tuesday Blitz February 15 Late 2022"]
[White "Moroni, Luca Jr"]
[Black "Senthil Maran K"]
[WhiteFideId "865834"]
[BlackFideId "25035681"]
[WhiteElo "2573"]
[BlackElo "2194"]
[Result "1-0"]
[Round "02"]
[TimeControl "180+1"]
[Date "2022.02.15"]
[WhiteClock "0:02:00"]
[BlackClock "0:00:35"]

1. d4 Nf6 2. Bf4 c5 3. e3 Qb6 4. Na3 d6 5. Nc4 Qc7 6. Nf3 Be6 7. Ncd2 g6 8. c3 Bg7 9. h3 O-O 10. Be2 Bd5 11. O-O Nbd7 12. Re1 Ne4 13. c4 Nxd2 14. Nxd2 Be6 15. d5 Bf5 16. e4 Bxh3 17. gxh3 Bxb2 18. Rb1 Bg7 19. Bf1 Ne5 20. Nf3 Nxf3+ 21. Qxf3 a6 22. a4 Rfb8 23. h4 Qa5 24. e5 Qxa4 25. exd6 exd6 26. Bxd6 Rc8 27. Rxb7 1-0


[Site "https://www.chess.com"]

[Event "Titled Tuesday Blitz February 15 Late 2022"]
[White "Moskalenko, Alexander"]
[Black "Koepke, Christian"]
[WhiteFideId "4155351"]
[BlackFideId "4655737"]
[WhiteElo "2515"]
[BlackElo "2180"]
[Result "1-0"]
[Round "02"]
[TimeControl "180+1"]
[Date "2022.02.16"]
[WhiteClock "0:02:17"]
[BlackClock "0:00:36"]

1. e4 c6 2. Nc3 d5 3. Nf3 dxe4 4. Nxe4 Bg4 5. h3 Bxf3 6. Qxf3 Nf6 7. Bc4 Nbd7 8. Qb3 e6 9. Nxf6+ Qxf6 10. Qxb7 Rb8 11. Qxc6 Bc5 12. O-O Ke7 13. Be2 Rhc8 14. Qf3 Qg6 15. c3 Ne5 16. Qh5 Qe4 17. d4 1-0


[Site "https://www.chess.com"]

[Event "Titled Tuesday Blitz February 15 Late 2022"]
[White "Musovic, Armin"]
[Black "Li, Hui"]
[WhiteFideId "939935"]
[BlackFideId "15400310"]
[WhiteElo "2250"]
[BlackElo "1954"]
[Result "1-0"]
[Round "02"]
[TimeControl "180+1"]
[Date "2022.02.16"]
[WhiteClock "0:01:19"]
[BlackClock "0:00:04"]

1. a3 e5 2. Nc3 Nf6 3. d4 exd4 4. Qxd4 Nc6 5. Qa4 d5 6. Bg5 h6 7. Bh4 d4 8. O-O-O Bd7 9. Nb5 Bc5 10. Qc4 Bb6 11. Nf3 O-O 12. Nbxd4 Qe7 13. e3 Rfd8 14. Nxc6 Bxc6 15. Bd3 Qe6 16. Qxe6 fxe6 17. Bxf6 gxf6 18. Bc4 Kf7 19. Nd4 Bxd4 20. exd4 Bxg2 21. Rhg1 Bf3 22. Rd3 Bd5 23. Bxd5 Rxd5 24. Rdg3 Rf8 25. Rg7+ Ke8 26. Rxc7 Rd7 27. Rg7 Rxc7 28. Rxc7 Rg8 29. Rc8+ Kf7 30. Rxg8 Kxg8 31. Kd2 Kf7 32. Ke3 Kg6 33. Ke4 Kg5 34. c4 Kg4 35. d5 exd5+ 36. cxd5 f5+ 37. Ke5 Kh3 38. d6 Kxh2 39. d7 1-0


[Site "https://www.chess.com"]

[Event "Titled Tuesday Blitz February 15 Late 2022"]
[White "Nazaretyan, Tigran"]
[Black "Petrova, Irina"]
[WhiteFideId "24162345"]
[BlackFideId "14124122"]
[WhiteElo "2192"]
[BlackElo "1988"]
[Result "0-1"]
[Round "02"]
[TimeControl "180+1"]
[Date "2022.02.16"]
[WhiteClock "0:00:08"]
[BlackClock "0:00:21"]

1. d4 d5 2. c4 c6 3. Nf3 Nf6 4. Nc3 e6 5. e3 Nbd7 6. Qc2 Bd6 7. Be2 O-O 8. O-O dxc4 9. a4 e5 10. Bxc4 exd4 11. exd4 Nb6 12. Bb3 Nfd5 13. a5 Nb4 14. Qb1 N6d5 15. Ng5 g6 16. Nge4 Bc7 17. Bg5 f6 18. Bh6 Rf7 19. Ra4 Bxa5 20. Nxd5 Nxd5 21. Nc3 Bc7 22. Re1 Bf5 23. Qa2 Qd6 24. g3 Rd7 25. Bf4 Qf8 26. Bxc7 Rxc7 27. Bxd5+ cxd5 28. Nxd5 Rf7 29. Ne7+ Kg7 30. Nxf5+ gxf5 31. Ra5 Re8 32. Rf1 Qd6 33. Rxf5 Qxd4 34. Rd5 Qe4 35. Rh5 Rfe7 36. Rh4 Qf3 37. Qxa7 Re1 38. Rg4+ Qxg4 39. Qxb7+ R1e7 40. Qb5 Qf3 41. Qb4 Re2 42. b3 R8e7 43. Qc4 Qe4 44. Qc5 Re1 45. Qb5 Rxf1+ 46. Qxf1 Qe1 47. b4 Qxf1+ 48. Kxf1 Rb7 49. h4 Rxb4 50. Kg2 h5 51. Kf3 Kg6 52. Kg2 Kf5 53. Kf3 Rb3+ 54. Kg2 Kg4 55. Kh2 Kf3 56. g4 hxg4 57. h5 Kxf2 58. h6 Rh3# 0-1


[Site "https://www.chess.com"]

[Event "Titled Tuesday Blitz February 15 Late 2022"]
[White "Nepomniachtchi, Ian"]
[Black "Djordjevic, Vuk"]
[WhiteFideId "4168119"]
[BlackFideId "902098"]
[WhiteElo "2740"]
[BlackElo "2463"]
[Result "1-0"]
[Round "02"]
[TimeControl "180+1"]
[Date "2022.02.15"]
[WhiteClock "0:01:05"]
[BlackClock "0:00:01"]

1. e4 e6 2. d4 d5 3. Nd2 Be7 4. Ngf3 Nf6 5. e5 Nfd7 6. Bd3 c5 7. c3 b6 8. Qe2 a5 9. Nf1 Ba6 10. Bxa6 Nxa6 11. Ng3 a4 12. a3 Qb8 13. Nh5 g6 14. Nf4 b5 15. h4 h5 16. Ng5 b4 17. axb4 cxb4 18. Rxa4 Nc7 19. Rxa8 Qxa8 20. O-O Nb6 21. Qd3 Qa6 22. Qg3 Rg8 23. Nh7 Rh8 24. Nxg6 Rg8 25. Nf6+ Bxf6 26. exf6 Nba8 27. Qf3 Rxg6 28. Qxh5 Qd3 29. Bg5 bxc3 30. bxc3 Rg8 31. Ra1 Qg6 32. Qd1 Nb6 33. Qb3 Nc4 34. Ra7 Kd7 35. Qb5+ Kd6 36. Qc5+ Kd7 37. Qxc7+ Ke8 38. Qe7# 1-0


[Site "https://www.chess.com"]

[Event "Titled Tuesday Blitz February 15 Late 2022"]
[White "Niemann, Hans Moke"]
[Black "Lugovskoy, Maxim"]
[WhiteFideId "2093596"]
[BlackFideId "24126454"]
[WhiteElo "2636"]
[BlackElo "2444"]
[Result "0-1"]
[Round "02"]
[TimeControl "180+1"]
[Date "2022.02.15"]
[WhiteClock "0:00:24"]
[BlackClock "0:00:03"]

1. d4 d5 2. Nc3 Nf6 3. Bf4 g6 4. e3 Bg7 5. Nb5 Na6 6. Nf3 O-O 7. h3 c6 8. Nc3 Bf5 9. Bd3 Bxd3 10. cxd3 Rc8 11. O-O c5 12. Nb5 Qb6 13. a4 cxd4 14. Nfxd4 Nd7 15. Bh2 Nb4 16. a5 Qc5 17. Qa4 Nxd3 18. Nxa7 Rcd8 19. Qb3 N7e5 20. Nab5 Qc4 21. Qa2 Nb4 22. Qb1 Qd3 23. Rd1 Qxb1 24. Raxb1 Rc8 25. b3 Rfd8 26. Nf3 Nxf3+ 27. gxf3 Rc5 28. Nc7 e5 29. Rbc1 Rxa5 30. Bg3 Bf6 31. Kg2 Kg7 32. Rd2 d4 33. exd4 exd4 34. Re1 Kf8 35. Rde2 d3 36. Re8+ Kg7 37. Rxd8 Bxd8 38. Ne8+ Kg8 39. Nd6 Bf6 40. Re8+ Kg7 41. Rb8 d2 42. Bf4 d1=Q 43. Ne8+ Kf8 44. Bd6+ Be7 45. Nc7+ Kg7 46. Bxe7 Ra1 47. Ne8+ Kh6 48. Kg3 Qg1+ 49. Kh4 g5+ 50. Bxg5+ Qxg5# 0-1


[Site "https://www.chess.com"]

[Event "Titled Tuesday Blitz February 15 Late 2022"]
[White "Nilsen, Tobias Lang"]
[Black "Sailer, Mike"]
[WhiteFideId "1521624"]
[BlackFideId "2012901"]
[WhiteElo "2013"]
[BlackElo "2109"]
[Result "0-1"]
[Round "02"]
[TimeControl "180+1"]
[Date "2022.02.16"]
[WhiteClock "0:00:03"]
[BlackClock "0:00:09"]

1. f4 d5 2. Nf3 g6 3. g3 Bg7 4. Bg2 b6 5. O-O Bb7 6. d3 Nf6 7. Nc3 d4 8. Na4 c5 9. c4 O-O 10. e4 dxe3 11. Bxe3 Nc6 12. d4 Nxd4 13. Nxd4 Bxg2 14. Kxg2 cxd4 15. Qxd4 Qc7 16. Nc3 Rad8 17. Qe5 Qc6+ 18. Kh3 Ng4 19. Nd5 Nxe5 20. Nxe7+ Kh8 21. Nxc6 Nxc6 22. Rab1 Rfe8 23. Bg1 Re2 24. a4 Rdd2 25. b4 h5 26. b5 Bd4 27. Rbe1 Bxg1 28. Rxe2 Rxe2 29. Rxg1 Na5 30. Rd1 Re7 31. Kh4 Kg7 32. f5 Nxc4 33. Rd4 Ne5 34. Rd6 gxf5 35. Kxh5 Nf3 36. g4 fxg4 37. Kxg4 Ne5+ 38. Kf5 Ng6 39. Rd8 Rc7 40. Ra8 Ne7+ 41. Ke5 Nc8 42. Kd5 Kg6 43. Ke5 f6+ 44. Ke6 f5 45. Ke5 Kg5 46. h3 f4 47. Ke4 Re7+ 48. Kf3 Re3+ 49. Kf2 Nd6 50. Rg8+ Kh4 51. Rh8+ Kg5 52. Rg8+ Kf5 53. Rf8+ Ke4 54. Rd8 Nf5 55. Re8+ Kd3 56. Rd8+ Kc4 57. Rd7 Nd4 58. Rxa7 Rxh3 59. Rf7 Rh2+ 60. Kf1 f3 61. a5 bxa5 62. b6 Rb2 63. b7 a4 64. Rc7+ Kd3 65. Rc1 a3 66. Rd1+ Ke4 67. Re1+ Kf4 68. Rd1 Ke3 69. Re1+ Ne2 70. Ra1 a2 71. b8=Q Rxb8 72. Rxa2 Rb1# 0-1


[Site "https://www.chess.com"]

[Event "Titled Tuesday Blitz February 15 Late 2022"]
[White "Okike, David"]
[Black "Kalashian, David"]
[WhiteFideId "8500134"]
[BlackFideId "13302418"]
[WhiteElo "2232"]
[BlackElo "2490"]
[Result "0-1"]
[Round "02"]
[TimeControl "180+1"]
[Date "2022.02.16"]
[WhiteClock "0:01:28"]
[BlackClock "0:00:12"]

1. e4 c6 2. d4 g6 3. c4 Bg7 4. Nc3 d6 5. Be2 Qb6 6. Nf3 Bg4 7. d5 Bxc3+ 8. bxc3 Nf6 9. Qc2 Nbd7 10. Nd4 Bxe2 11. Qxe2 Rc8 12. Bd2 Qa6 13. dxc6 bxc6 14. f4 e5 15. Nf3 O-O 16. fxe5 Nxe5 17. Nxe5 dxe5 18. O-O c5 19. Bg5 Nh5 20. g4 Nf4 21. Bxf4 exf4 22. Rxf4 Qe6 23. Raf1 Rb8 24. e5 Rbe8 25. Re1 f6 26. Re4 f5 27. gxf5 Rxf5 28. Re3 Rg5+ 29. Kh1 Rf8 30. Rg3 Rxg3 31. hxg3 Qh3+ 32. Qh2 Rf1+ 33. Rxf1 Qxf1+ 34. Qg1 Qh3+ 35. Qh2 Qf1+ 36. Qg1 Qxc4 37. Qe3 Kf7 38. a4 Ke6 39. Kg2 Qd5+ 40. Kh2 Qxe5 41. Qd2 Qh5+ 42. Kg2 Qd5+ 43. Qxd5+ Kxd5 44. Kf3 Kc4 45. Kf4 Kxc3 46. Kg5 Kb4 47. Kh6 c4 48. Kxh7 c3 49. Kxg6 c2 50. g4 c1=Q 51. g5 Kxa4 52. Kh7 Qxg5 53. Kh8 Kb5 0-1


[Site "https://www.chess.com"]

[Event "Titled Tuesday Blitz February 15 Late 2022"]
[White "Papayan, Oleg"]
[Black "Novikova, Galina"]
[WhiteFideId "4193911"]
[BlackFideId "4157095"]
[WhiteElo "2038"]
[BlackElo "1863"]
[Result "1/2-1/2"]
[Round "02"]
[TimeControl "180+1"]
[Date "2022.02.16"]
[WhiteClock "0:00:06"]
[BlackClock "0:00:30"]

1. e4 e6 2. d4 d5 3. Nc3 Bb4 4. Ne2 Nc6 5. a3 Ba5 6. b4 Bb6 7. Bb2 Nf6 8. e5 Nd7 9. Na4 O-O 10. Ng3 f6 11. exf6 Qxf6 12. Qd2 e5 13. Nxb6 axb6 14. dxe5 Ndxe5 15. O-O-O Qf7 16. b5 Ng4 17. f3 Nf6 18. bxc6 bxc6 19. Bd3 c5 20. Bf5 Bxf5 21. Nxf5 d4 22. Qd3 Kh8 23. g4 b5 24. h4 Rfd8 25. g5 Nd5 26. h5 Rf8 27. Nh4 Nf4 28. Ng6+ Kg8 29. Nxf4 Qxf4+ 30. Kb1 b4 31. axb4 Rfb8 32. Qe4 Qf7 33. g6 Qa2+ 34. Kc1 Qc4 35. Rde1 Qb5 36. gxh7+ Kh8 37. h6 Qd7 38. hxg7+ Qxg7 39. Qe5 Rxb4 40. Qxg7+ Kxg7 41. Re7+ Kh8 42. Rxc7 Rab8 43. Kd2 Rxb2 44. Rxc5 R2b7 45. Rc4 Rf8 46. Rxd4 Rbf7 47. f4 Rc8 48. c4 Rfc7 49. Kd3 Re8 50. Rh5 Rce7 51. c5 Re3+ 52. Kc4 Re1 53. c6 Rc8 54. Rc5 Rc1+ 55. Kd5 Rd8+ 56. Ke6 Re1+ 57. Kf7 Rxd4 58. c7 Rxf4+ 59. Kg6 Rg1+ 60. Kh5 Rf8 61. c8=Q Rxc8 62. Rxc8+ Kxh7 63. Rc7+ Rg7 64. Rxg7+ Kxg7 1/2-1/2


[Site "https://www.chess.com"]

[Event "Titled Tuesday Blitz February 15 Late 2022"]
[White "Papp, Petra"]
[Black "Yushko, Olga"]
[WhiteFideId "739049"]
[BlackFideId "14114500"]
[WhiteElo "2259"]
[BlackElo "2028"]
[Result "1/2-1/2"]
[Round "02"]
[TimeControl "180+1"]
[Date "2022.02.16"]
[WhiteClock "0:00:10"]
[BlackClock "0:00:24"]

1. d4 e6 2. c4 f5 3. g3 Nf6 4. Bg2 Be7 5. Nc3 d6 6. Nf3 O-O 7. O-O Qe8 8. b3 a5 9. Bb2 Qg6 10. Re1 Ne4 11. Nd2 Nxd2 12. Qxd2 e5 13. Nd5 Bd8 14. dxe5 dxe5 15. Bxe5 c6 16. Nc7 Bxc7 17. Bxc7 a4 18. Qd6 Na6 19. Qxg6 hxg6 20. Bf4 Nb4 21. Bd6 Nc2 22. Bxf8 Nxa1 23. Rxa1 Kxf8 24. b4 Be6 25. Rc1 Rd8 26. Bf1 Rd2 27. a3 Ra2 28. Rc3 Ra1 29. f4 Ke7 30. Kf2 Rb1 31. c5 Rb3 32. Re3 Kf7 33. Bg2 Bc4 34. h4 Rb2 35. Bf3 Rb3 36. h5 gxh5 37. Bxh5+ g6 38. Bf3 Rb2 39. g4 Bb3 40. gxf5 gxf5 41. Bh5+ Kf6 42. Re8 Ra2 43. Rf8+ Ke6 44. Rb8 Rxa3 45. Rxb7 Ra2 46. b5 cxb5 47. Bf7+ Kf6 48. Bxb3 axb3 49. Rb6+ Ke7 50. Rxb5 Rb2 51. Rb6 Rb1 52. Ke3 b2 53. Kd2 Rc1 54. Rxb2 Rxc5 55. Ke3 Ra5 56. Rb6 Ra4 57. Kf3 Ra5 58. e3 Kf7 59. Rc6 Ra3 60. Rc5 Kf6 61. Re5 Rb3 62. Kg3 Rc3 63. Kf3 Rb3 64. Ra5 Rc3 65. Ra8 Rb3 66. Rf8+ Ke6 67. Re8+ Kf7 68. Re5 Kf6 1/2-1/2


[Site "https://www.chess.com"]